 Dungeon Crawl Stone Soup version 0.26.0-45-g9c1d065592 (webtiles) character file.

Game seed: 430400230561648638

366779 kaeus the Impaler (level 22, -19/224 HPs)
             Began as a Gnoll Venom Mage on Jan 30, 2021.
             Was the Champion of Ashenzari.
             Demolished by a lorocyproca (24 damage)
             ... summoned by a lich
             ... on level 4 of the Vaults.
             The game lasted 02:02:21 (68139 turns).

kaeus the Impaler (Gnoll Venom Mage)               Turns: 68139, Time: 02:02:22

Health: -19/224    AC: 38    Str: 10    XL:     22   Next: 57%
Magic:  0/50       EV: 28    Int: 30    God:    Ashenzari [******]
Gold:   3498       SH:  8    Dex: 12    Spells: 4/51 levels left

rFire    + . .     SeeInvis +   N - +1 war axe "Moto" {venom, rN+} (curse)
rCold    + . .     Faith    +   Z - +0 buckler "Rufar" {rF+ rC+ MP+9 Dex-5} (curse)
rNeg     + + .     Spirit   .   (armour currently unavailable)
rPois    ∞         Reflect  .   X - +2 helmet {Int+3} (curse)
rElec    +         Harm     .   J - scarf {repulsion} (curse)
rCorr    .         Rampage  .   (gloves currently unavailable)
Will     +....     Clarity  +   (boots currently unavailable)
Stlth    ++++++....             O - amulet of Knowledge {Faith rElec rPois Slay-3} (curse)
HPRegen  0.47/turn              f - +4 ring of protection (curse)
MPRegen  0.32/turn              y - +4 ring of evasion (curse)

@: statue-form, studying Polearms, repel missiles, very slow
A: distributed training, fangs 1, repulsion field 1, sense surroundings 1,
electricity resistance, MP-powered wands, strong nose
}: 2/15 runes: barnacled, gossamer
a: End Transformation, Renounce Religion, Curse Item, Scrying


You were on level 4 of the Vaults.
You worshipped Ashenzari.
Ashenzari was exalted by your worship.
You were a stone statue.
You visited 7 branches of the dungeon, and saw 38 of its levels.

You collected 5078 gold pieces.
You spent 1580 gold pieces at shops.

Inventory:

Hand Weapons
 N - the cursed +1 war axe "Moto" (weapon) {venom, rN+}
   (You found it on level 11 of the Dungeon)

   It poisons the flesh of those it strikes.
   It protects you from negative energy.
   It has a curse placed upon it.
Armour
 r - the cursed +4 ring mail of the Undertaker (melded) {Rampage rElec Will+ SInv}
   (You took it off a big kobold on level 8 of the Dungeon)

   It insulates you from electricity.
   It affects your willpower, your defense against some magical effects.
   It lets you see invisible.
   It bestows one free step when moving towards enemies.
   It has a curse placed upon it.
 I - the cursed +2 pair of gloves "Zagasigu" (melded) {rF+ rC+ Regen+ Slay-2}
   (You found it on level 6 of the Dungeon)

   It affects your accuracy and damage with ranged weapons and melee attacks
   (-2).
   It protects you from fire.
   It protects you from cold.
   It increases your rate of regeneration.
   It has a curse placed upon it.
 J - a cursed scarf of repulsion (worn)
 X - a cursed +2 helmet of intelligence (worn)
 Z - the cursed +0 buckler "Rufar" (worn) {rF+ rC+ MP+9 Dex-5}
   (You found it on level 15 of the Dungeon)

   It affects your dexterity (-5).
   It protects you from fire.
   It protects you from cold.
   It affects your magic capacity (+9).
   It has a curse placed upon it.
Magical Staves
 V - an uncursed staff of conjuration
Jewellery
 f - a cursed +4 ring of protection (left hand)
 n - an uncursed ring of protection from fire
 x - an uncursed ring of magical power
 y - a cursed +4 ring of evasion (right hand)
 B - a cursed +6 ring of dexterity
 H - an uncursed ring of flight
 K - the ring of Due Proportion {rPois Str+6}
   (You found it on level 2 of the Shoals)

   [ring of strength]

   It affects your strength (+6).
   It protects you from poison.
 O - the cursed amulet of Knowledge (around neck) {Faith rElec rPois Slay-3}
   (You found it on level 6 of the Lair of Beasts)

   [amulet of faith]

   It allows you to gain divine favour quickly.
   It affects your accuracy and damage with ranged weapons and melee attacks
   (-3).
   It insulates you from electricity.
   It protects you from poison.
   It has a curse placed upon it.
Wands
 a - a wand of digging (16)
 e - a wand of disintegration (33)
 h - a wand of paralysis (17)
 z - a wand of enslavement (10)
 D - a wand of random effects (18)
 E - a wand of iceblast (10)
 L - a wand of flame (27)
 Q - a wand of polymorph (17)
 R - a wand of acid (25)
Scrolls
 b - 3 scrolls of fear
 c - 10 scrolls of teleportation
 d - 4 scrolls of enchant armour
 j - 7 scrolls of fog
 l - 29 scrolls of identify
 o - 15 scrolls of remove curse
 s - 4 scrolls of enchant weapon
 t - 5 scrolls of amnesia
 A - 10 scrolls of magic mapping
 F - 4 scrolls of summoning
 P - a scroll of silence
Potions
 g - 9 potions of ambrosia
 k - 2 potions of curing
 m - 5 potions of attraction
 p - 9 potions of brilliance
 u - a potion of berserk rage
 v - 2 potions of flight
 w - 4 potions of might
 G - a potion of resistance
 Y - 2 potions of invisibility
Books
 W - a manual of Polearms
Miscellaneous
 q - a lightning rod (4/4)
 C - a phantom mirror
 S - a phantom mirror
 U - a phial of floods


   Skills:
 + Level 14.6 Fighting
 + Level 14.6 Short Blades
 + Level 14.6 Long Blades
 + Level 14.6(18.6) Axes
 + Level 14.6 Maces & Flails
 + Level 17.9 Polearms
 + Level 14.6 Staves
 + Level 14.6 Slings
 + Level 14.6 Bows
 + Level 14.6 Crossbows
 + Level 14.6 Throwing
 + Level 14.6(17.2) Armour
 + Level 15.2(17.7) Dodging
 + Level 15.1 Stealth
 + Level 14.6(17.2) Shields
 + Level 14.6 Unarmed Combat
 + Level 15.3 Spellcasting
 + Level 12.6(16.7) Conjurations
 + Level 12.6(16.7) Hexes
 + Level 12.6(16.7) Summonings
 + Level 12.6(16.7) Necromancy
 + Level 12.6(16.7) Translocations
 + Level 12.8(16.9) Transmutations
 + Level 12.6(16.7) Fire Magic
 + Level 12.6(16.7) Ice Magic
 + Level 12.6(16.7) Air Magic
 + Level 12.6(16.7) Earth Magic
 + Level 13.5(17.6) Poison Magic
 + Level 15.8 Invocations
 + Level 14.6(18.6) Evocations


You had 4 spell levels left.
You knew the following spells:

 Your Spells              Type           Power        Failure   Level
a - Stone Arrow           Conj/Erth      100%         0%          3
b - Olgreb's Toxic Radia  Pois           91%          0%          4
c - Ignite Poison         Fire/Tmut/Pois 90%          0%          3
d - Mephitic Cloud        Conj/Pois/Air  90%          0%          3
e - Bolt of Magma         Conj/Fire/Erth 44%          1%          5
f - Statue Form           Tmut/Erth      59%          1%          6
g - Dazzling Flash        Conj/Hex       100%         0%          3
h - Lightning Bolt        Conj/Air       44%          1%          5
i - Summon Lightning Spi  Summ/Air       89%          1%          4
j - Fireball              Conj/Fire      44%          1%          5
k - Ozocubu's Refrigerat  Ice            44%          1%          6

Your spell library contained the following spells:

 Spells                   Type           Power        Failure   Level
 Apportation              Tloc           100%         0%          1
 Foxfire                  Conj/Fire      100%         0%          1
 Magic Dart               Conj           100%         0%          1
 Sandblast                Erth           100%         0%          1
 Sting                    Tmut/Pois      100%         0%          1
 Blink                    Tloc           N/A          0%          2
 Call Imp                 Summ           89%          0%          2
 Passwall                 Tmut/Erth      74%          0%          2
 Poisonous Vapours        Pois/Air       100%         0%          2
 Searing Ray              Conj           100%         0%          2
 Slow                     Hex            89%          0%          2
 Swiftness                Air            89%          0%          2
 Conjure Flame            Conj/Fire      89%          0%          3
 Gell's Gravitas          Tloc           44%          0%          3
 Inner Flame              Hex/Fire       89%          0%          3
 Portal Projectile        Hex/Tloc       100%         0%          3
 Spider Form              Tmut/Pois      45%          0%          3
 Static Discharge         Conj/Air       89%          0%          3
 Airstrike                Air            44%          1%          4
 Fulminant Prism          Conj/Hex       44%          1%          4
 Ice Form                 Ice/Tmut       89%          1%          4
 Iskenderun's Mystic Bla  Conj/Tloc      89%          1%          4
 Leda's Liquefaction      Hex/Erth       44%          1%          4
 Passage of Golubria      Tloc           N/A          1%          4
 Petrify                  Tmut/Erth      89%          1%          4
 Alistair's Intoxication  Tmut/Pois      60%          1%          5
 Irradiate                Conj/Tmut      44%          1%          5
 Lee's Rapid Deconstruct  Erth           44%          1%          5
 Metabolic Englaciation   Hex/Ice        44%          1%          5
 Silence                  Hex/Air        44%          1%          5
 Yara's Violent Unravell  Hex/Tmut       44%          1%          5
 Conjure Ball Lightning   Conj/Air       44%          1%          6
 Dispersal                Tloc           44%          1%          6
 Eringya's Noxious Bog    Tmut/Pois      45%          1%          6
 Freezing Cloud           Conj/Ice/Air   44%          1%          6
 Invisibility             Hex            89%          1%          6
 Iron Shot                Conj/Erth      44%          1%          6
 Simulacrum               Ice/Necr       44%          1%          6
 Disjunction              Tloc           44%          14%         8
 Ignition                 Fire           44%          14%         8
 Shatter                  Erth           44%          91%         9
 Tornado                  Air            44%          91%         9


Dungeon Overview and Level Annotations

Branches:
Dungeon (15/15)            Temple (0/1) D:6            Lair (6/6) D:9
 Shoals (4/4) Lair:2       Spider (4/4) Lair:3        Slime (0/5) Lair:5
    Orc (2/2) D:10            Elf (2/3) Orc:2        Vaults (5/5) D:13
  Crypt (0/3) Vaults:2     Depths (0/5) D:15

Altars:
Ashenzari
Dithmenos
Elyvilon
Gozag
Kikubaaqudgha
Makhleb
Nemelex Xobeh
Qazlal
Sif Muna
Trog
Uskayaw
Wu Jian
Xom
Yredelemnul
Zin
The Shining One
Jiyva

Shops:
Orc:1 (:   Orc:2 ?=!!!   Shoals:3 [   Vaults:3 *}:=}

Annotations:
D:11 exclusion: orange crystal statue
Lair:5 1 runed translucent door


Innate Abilities, Weirdness & Mutations

Your experience applies equally to all skills.
You have very sharp teeth.
Your uncanny sense of smell can sniff out nearby items.
You are surrounded by a mild repulsion field. (EV +2)
You passively map a small area around you.
You are resistant to electric shocks. (rElec)
You expend magic power (3 MP) to strengthen your wands.


Message History

The lich touches you but does no damage.
The Hell Sentinel hits you but does no damage.
The Hell Sentinel misses you.
You hit the lich but do no damage.
The lich is heavily damaged.
You hit the lorocyproca but do no damage.
The lorocyproca is poisoned.
You completely miss the Hell Sentinel. The lorocyproca hits you!!
* * * LOW HITPOINT WARNING * * *
You feel your power leaking away. The lich misses you.
The Hell Sentinel hits you but does no damage. x2
You take 20 damage, and have 2/224 hp.
You now have 5/50 mp.
You feel better. The lorocyproca hits you!
* * * LOW HITPOINT WARNING * * *
You feel your power leaking away. The lich closely misses you.
The Hell Sentinel completely misses you.
You block the Hell Sentinel's attack. The lorocyproca hits you!!
You die...

#####.#.....# #......
#...#.'.....# #......
#...'.####### #######
#####.......#####################
........##'##.......#...........#
###'##..#...#.......#..........)#
.....#..#...'.......#.......).))'
..(.†#..#...#..18L..#.........))#
#############...8...'...........#
#....2..'...........#
#.......############# #.......#
#.......# ###'##### #######
#......# ......# #......# ......#
#......#


You could see a Hell Sentinel (summoned), a lich (invisible), a lorocyproca
(summoned, invisible, poisoned) and a friendly lightning spire (summoned).

Vanquished Creatures
  Sojobo (Vaults:2)
  Jorgrun (D:15)
  A kraken (Shoals:4)
  An eldritch tentacle (Elf:1)
  A sphinx (Vaults:4)
  Gastronok (Lair:3)
  Agnes (D:14)
  Donald (Vaults:4)
  A tengu reaver (Vaults:2)
  A fire giant (Vaults:5)
  An iron dragon (Vaults:4)
  9 emperor scorpions
  9 vault wardens
  A deep elf sorcerer (Vaults:5)
  Aizul (Shoals:4)
  5 ghost moths
  A war gargoyle (Vaults:4)
  8 ironheart preservers
  3 stone giants
  2 very ugly things
  3 deep elf demonologists
  2 entropy weavers
  Azrael (Elf:1)
  5 dire elephants (Lair:6)
  Snorg (Lair:5)
  A merfolk javelineer (Shoals:4)
  A deep elf death mage (Elf:2)
  Josephine (D:12)
  9 merfolk impalers
  3 ettins
  2 fire dragons
  4 yaktaur captains
  10 ogre magi
  2 great orbs of eyes (Vaults:1)
  2 hydras
  27 vault guards
  Fannar (Lair:1)
  A rakshasa (Vaults:2)
  2 catoblepae
  6 boulder beetles
  An anaconda (Lair:6)
  An ice dragon (Vaults:2)
  3 alligator snapping turtles
  2 satyrs
  29 two-headed ogres
  5 merfolk avatars
  32 dancing weapons
  4 tengu warriors
  13 merfolk aquamancers
  11 centaur warriors
  Urug (D:10)
  6 death yaks (Lair:6)
  A deep troll earth mage (Vaults:5)
  A shock serpent (Elf:1)
  Nergalle (Lair:1)
  Sonja (Lair:5)
  2 fire crabs
  14 deep elf knights
  5 skeletal warriors
  2 unseen horrors
  3 shadow wraiths
  11 deep elf archers
  2 deep trolls (Vaults:5)
  A flayed ghost (Vaults:4)
  A death drake (Elf:1)
  20 sea snakes
  2 wizards (Vaults:1)
  3 swamp dragons (Lair:2)
  6 lindwurms
  7 ironbrand convokers
  17 orb spiders
  23 harpies
  An oklob plant (Lair:4)
  11 orc knights
  5 orc sorcerers
  4 wolf spider zombies (Spider:1)
  25 wolf spiders
  16 fauns
  37 ugly things
  52 deep elf magi
  3 necromancers
  17 manticores
  A frost giant zombie (Vaults:4)
  4 moths of wrath
  16 cyclopes
  A cyclops (shapeshifter) (Vaults:5)
  A human zombie (Vaults:4)
  12 merfolk sirens
  5 water nymphs
  3 black mambas
  Joseph (D:7)
  3 vault sentinels
  3 torpor snails
  19 elephants
  2 molten gargoyles
  18 cane toads
  9 rime drakes
  2 gargoyles
  Maurice (D:8)
  2 centaur skeletons
  An efreet (D:13)
  4 komodo dragons
  9 redback zombies (Spider:1)
  14 demonic crawlers
  A komodo dragon (shapeshifter) (Vaults:4)
  27 yaktaurs
  A kobold demonologist (D:11)
  50 merfolk
  3 freezing wraiths
  3 tengu conjurers (D:13)
  31 jumping spiders
  6 trolls
  A polar bear (Lair:3)
  A jumping spider (shapeshifter) (Vaults:2)
  A wind drake (Shoals:2)
  A raiju (Elf:1)
  6 hornets
  32 blink frogs
  2 raiju (shapeshifter)
  7 dream sheep
  12 tarantella zombies (Spider:1)
  12 snapping turtles
  28 slime creatures
  50 redbacks
  A tarantella (shapeshifter) (Vaults:1)
  20 tarantellas
  4 air elementals
  7 wraiths (D:12)
  9 wyverns
  An ettin skeleton (Vaults:4)
  3 fire bats (Shoals:1)
  45 yaks
  27 water elementals
  A hog (Elf:1)
  2 shadows
  2 vampires (D:14)
  5 basilisks
  8 fire elementals
  7 steam dragons (Lair:2)
  7 vampire mosquitoes
  6 wargs
  The ghost of kaeus the Stinger, an amateur OpVM of Gozag (D:5)
  A spatial vortex (Elf:1)
  20 water moccasins
  4 acid dragons
  2 hell hounds (Elf:1)
  A soldier ant (shapeshifter) (Vaults:1)
  A swamp worm (shapeshifter) (Vaults:3)
  6 sky beasts
  42 orc warriors
  An eye of draining (shapeshifter) (Vaults:4)
  8 ice beasts
  2 eyes of draining
  2 black bears
  A phantom (D:5)
  30 ogres
  2 necrophages
  10 boggarts
  16 wolves
  A tengu (shapeshifter) (Vaults:4)
  28 centaurs
  2 big kobolds
  A wyvern zombie (D:15)
  16 bullfrogs
  An earth elemental (Elf:1)
  A water moccasin zombie (D:8)
  3 scorpions
  11 wights
  A vampire bat (Elf:1)
  5 electric eels
  2 howler monkeys
  2 bullfrog zombies
  A lava snake (Elf:1)
  3 quasits
  3 bullfrog skeletons
  5 centaur zombies
  4 jellies
  16 orc priests
  2 gnoll shamans
  6 hounds
  14 worker ants
  3 iguanas
  Natasha (thrice) (D:2)
  43 orc wizards
  3 lightning spires (Elf:1)
  A hound zombie (D:5)
  A hound skeleton (D:9)
  A worker ant zombie (D:8)
  14 adders
  21 gnolls
  A shadow imp (D:8)
  5 white imps
  An ufetubus (D:9)
  2 oozes
  An adder skeleton (D:5)
  3 worms
  4 dart slugs
  6 leopard geckos
  116 orcs
  3 ball pythons
  10 bats
  7 giant cockroaches
  6 goblins
  5 hobgoblins
  13 jackals
  5 quokkas
  6 frilled lizards
  A jackal zombie (D:8)
  18 kobolds
  2 leopard gecko skeletons (D:4)
  A quokka skeleton (D:6)
  9 rats
  2 tentacles (Shoals:4)
1692 creatures vanquished.

Vanquished Creatures (collateral kills)
  Xtahua (Vaults:4)
  An ogre mage (Vaults:4)
  A merfolk aquamancer (Shoals:3)
  2 skeletal warriors (Vaults:1)
  A sea snake (Shoals:3)
  2 harpies
  A deep elf mage (Elf:2)
  A cane toad (Lair:2)
  A black mamba (Lair:2)
  2 redback zombies (Spider:1)
  A merfolk (Shoals:1)
  2 water elementals
  An orc warrior (Vaults:2)
  2 orcs (Vaults:2)
19 creatures vanquished.

Vanquished Creatures (others)
  A tengu reaver (Vaults:2)
  An ironheart preserver (Vaults:5)
  2 deep elf knights
  An ugly thing (Vaults:2)
  A deep elf mage (Elf:1)
  A fire elemental (Elf:1)
  A lightning spire (Elf:1)
  3 ball lightnings (Elf:1)
  30 fungi
  71 plants
  5 tentacles (Shoals:4)
117 creatures vanquished.

Grand Total: 1828 creatures vanquished

Notes
Turn   | Place    | Note
-------+----------+-------------------------------------------
     0 | D:1      | kaeus the Gnoll Venom Mage began the quest for the Orb.
     0 | D:1      | Reached XP level 1. HP: 13/13 MP: 6/6
   214 | D:1      | Reached XP level 2. HP: 19/19 MP: 5/7
   926 | D:2      | Reached skill level 5 in Spellcasting
   926 | D:2      | Reached XP level 3. HP: 15/25 MP: 5/9
  1189 | D:2      | Found a white marble altar of Elyvilon.
  1215 | D:2      | Reached skill level 1 in Invocations
  1580 | D:2      | Reached skill level 1 in Fighting
  1580 | D:2      | Reached skill level 1 in Short Blades
  1580 | D:2      | Reached skill level 1 in Long Blades
  1580 | D:2      | Reached skill level 1 in Axes
  1580 | D:2      | Reached skill level 1 in Maces & Flails
  1580 | D:2      | Reached skill level 1 in Polearms
  1580 | D:2      | Reached skill level 1 in Staves
  1580 | D:2      | Reached skill level 1 in Slings
  1580 | D:2      | Reached skill level 1 in Bows
  1580 | D:2      | Reached skill level 1 in Crossbows
  1580 | D:2      | Reached skill level 1 in Throwing
  1580 | D:2      | Reached skill level 1 in Armour
  1580 | D:2      | Reached skill level 1 in Shields
  1580 | D:2      | Reached skill level 1 in Unarmed Combat
  1580 | D:2      | Reached skill level 1 in Evocations
  1580 | D:2      | Reached XP level 4. HP: 31/32 MP: 7/11
  1844 | D:2      | Noticed Natasha
  1854 | D:2      | Killed Natasha
  1855 | D:2      | Reached skill level 1 in Conjurations
  1855 | D:2      | Reached skill level 1 in Hexes
  1855 | D:2      | Reached skill level 1 in Summonings
  1855 | D:2      | Reached skill level 1 in Necromancy
  1855 | D:2      | Reached skill level 1 in Translocations
  1855 | D:2      | Reached skill level 1 in Fire Magic
  1855 | D:2      | Reached skill level 1 in Ice Magic
  1855 | D:2      | Reached skill level 1 in Air Magic
  1855 | D:2      | Reached skill level 1 in Earth Magic
  2152 | D:2      | Noticed Natasha
  2252 | D:2      | Reached XP level 5. HP: 37/37 MP: 8/12
  2597 | D:2      | Killed Natasha
  4119 | D:2      | Noticed Natasha
  4132 | D:2      | Killed Natasha
  4147 | D:2      | Learned a level 4 spell: Olgreb's Toxic Radiance
  4151 | D:2      | Learned a level 3 spell: Ignite Poison
  4155 | D:2      | Learned a level 3 spell: Mephitic Cloud
  4799 | D:3      | Reached XP level 6. HP: 40/44 MP: 2/13
  4989 | D:3      | Noticed a +0 hand axe
  4989 | D:3      | Noticed a +0 dagger
  4999 | D:3      | Found a hide-covered altar of Uskayaw.
  5107 | D:3      | Reached skill level 5 in Dodging
  5574 | D:3      | Reached skill level 2 in Polearms
  5744 | D:3      | Found a white marble altar of Elyvilon.
  5746 | D:3      | Found a burning altar of Makhleb.
  5746 | D:3      | Found a shimmering blue altar of Sif Muna.
  5763 | D:3      | Found a sparkling altar of Nemelex Xobeh.
  5763 | D:3      | Found a burning altar of Makhleb.
  5763 | D:3      | Found a shimmering altar of Xom.
  5937 | D:3      | Found a faded altar of an unknown god.
  6009 | D:4      | Reached XP level 7. HP: 21/50 MP: 15/15
  6646 | D:4      | Found a glowing golden altar of the Shining One.
  6719 | D:4      | Reached skill level 5 in Stealth
  7669 | D:5      | Entered Level 5 of the Dungeon
  7812 | D:5      | Reached XP level 8. HP: 54/57 MP: 14/16
  7896 | D:5      | Reached skill level 3 in Polearms
  8348 | D:5      | Found a broken altar of Ashenzari.
  8739 | D:5      | Found a large runed translucent door.
  8739 | D:5      | Found a large runed translucent door.
  8740 | D:5      | Noticed kaeus's ghost (amateur OpVM)
  9007 | D:5      | Killed kaeus's ghost
  9175 | D:5      | Became a worshipper of Ashenzari the Shackled
  9814 | D:6      | Reached XP level 9. HP: 65/65 MP: 2/18
 10246 | D:6      | Found a staircase to the Ecumenical Temple.
 10376 | D:6      | Reached skill level 4 in Polearms
 11150 | D:6      | Got the uncursed pair of gloves "Zagasigu" {rF+ rC+ Regen+
                  | Slay-2}
 11156 | D:6      | Identified the +2 pair of gloves "Zagasigu" {rF+ rC+ Regen+
                  | Slay-2} (You found it on level 6 of the Dungeon)
 11270 | D:7      | Noticed a cyclops
 11271 | D:7      | Noticed Joseph
 11276 | D:7      | Killed a cyclops
 11293 | D:7      | Killed Joseph
 11294 | D:7      | Reached skill level 5 in Invocations
 11432 | D:7      | Noticed a cyclops
 11445 | D:7      | Killed a cyclops
 11446 | D:7      | Reached XP level 10. HP: 73/73 MP: 10/20
 11536 | D:7      | Killed an unseen horror
 11537 | D:7      | Reached skill level 5 in Fighting
 11537 | D:7      | Reached skill level 5 in Short Blades
 11537 | D:7      | Reached skill level 5 in Long Blades
 11537 | D:7      | Reached skill level 5 in Axes
 11537 | D:7      | Reached skill level 5 in Maces & Flails
 11537 | D:7      | Reached skill level 5 in Polearms
 11537 | D:7      | Reached skill level 5 in Staves
 11537 | D:7      | Reached skill level 5 in Slings
 11537 | D:7      | Reached skill level 5 in Bows
 11537 | D:7      | Reached skill level 5 in Crossbows
 11537 | D:7      | Reached skill level 5 in Throwing
 11537 | D:7      | Reached skill level 5 in Armour
 11537 | D:7      | Reached skill level 5 in Shields
 11537 | D:7      | Reached skill level 5 in Unarmed Combat
 11537 | D:7      | Reached skill level 5 in Evocations
 11912 | D:7      | Found a shimmering blue altar of Sif Muna.
 12381 | D:7      | Found a stormy altar of Qazlal.
 12998 | D:7      | Gained mutation: You are surrounded by a mild repulsion
                  | field. (EV +2) [potion of mutation]
 12998 | D:7      | Gained mutation: You are strong-willed. (Will+) [potion of
                  | mutation]
 12998 | D:7      | Gained mutation: Scrolls take you a little longer to read.
                  | [potion of mutation]
 12998 | D:7      | Gained mutation: You passively map a small area around you.
                  | [potion of mutation]
 13150 | D:8      | Noticed Maurice
 13159 | D:8      | Killed Maurice
 13240 | D:8      | Reached skill level 5 in Transmutations
 13745 | D:8      | Identified the +4 ring mail of the Undertaker {Rampage
                  | rElec Will+ SInv}
 13826 | D:8      | Found a bloodstained altar of Trog.
 13835 | D:8      | Noticed a two-headed ogre
 13845 | D:8      | Killed a two-headed ogre
 13999 | D:8      | Reached * piety under Ashenzari
 14076 | D:8      | Found a burning altar of Makhleb.
 14155 | D:9      | Reached XP level 11. HP: 81/81 MP: 6/22
 14330 | D:9      | Noticed a two-headed ogre
 14340 | D:9      | Killed a two-headed ogre
 14341 | D:9      | Reached skill level 6 in Polearms
 14341 | D:9      | Reached skill level 5 in Conjurations
 14341 | D:9      | Reached skill level 5 in Hexes
 14341 | D:9      | Reached skill level 5 in Summonings
 14341 | D:9      | Reached skill level 5 in Necromancy
 14341 | D:9      | Reached skill level 5 in Translocations
 14341 | D:9      | Reached skill level 5 in Fire Magic
 14341 | D:9      | Reached skill level 5 in Ice Magic
 14341 | D:9      | Reached skill level 5 in Air Magic
 14341 | D:9      | Reached skill level 5 in Earth Magic
 14608 | D:9      | Found a staircase to the Lair.
 14764 | D:9      | Found an ornate altar of the Wu Jian Council.
 15329 | D:10     | Entered Level 10 of the Dungeon
 15431 | D:10     | Found a staircase to the Orcish Mines.
 15717 | D:10     | Noticed Urug
 15727 | D:10     | Killed Urug
 15888 | D:10     | Reached ** piety under Ashenzari
 15983 | D:10     | Noticed a tengu warrior
 15986 | D:10     | Killed a tengu warrior
 16141 | D:10     | Noticed a cyclops
 16148 | D:10     | Killed a cyclops
 16304 | D:10     | Noticed a centaur warrior
 16310 | D:10     | Killed a centaur warrior
 16794 | Orc:1    | Entered Level 1 of the Orcish Mines
 16908 | Orc:1    | Found Johis's Antique Weapon Shop.
 16918 | Orc:1    | Found Ystish's Book Emporium.
 17019 | Orc:2    | Entered Level 2 of the Orcish Mines
 17019 | Orc:2    | Found Repou's Magic Scroll Emporium.
 17447 | Orc:2    | Reached XP level 12. HP: 89/89 MP: 8/24
 17902 | Orc:2    | Reached skill level 7 in Polearms
 17913 | Orc:2    | Bought a scroll of acquirement for 728 gold pieces
 17923 | Orc:1    | Acquired 701 gold pieces
 18242 | Orc:2    | Bought a scroll of identify for 28 gold pieces
 18242 | Orc:2    | Bought a scroll of remove curse for 42 gold pieces
 18242 | Orc:2    | Bought a scroll of remove curse for 42 gold pieces
 18242 | Orc:2    | Bought a scroll of remove curse for 42 gold pieces
 18244 | Orc:2    | Bought a scroll of magic mapping for 49 gold pieces
 18244 | Orc:2    | Bought a scroll of magic mapping for 49 gold pieces
 19166 | Orc:2    | Found a staircase to the Elven Halls.
 19677 | Orc:2    | Found Jiallexi's Distillery.
 19677 | Orc:2    | Found Fatediu's Distillery.
 19679 | Orc:2    | Found Myfer's Distillery.
 19681 | Orc:2    | Found Xutaw's Jewellery Shoppe.
 19694 | Orc:2    | Bought a potion of mutation for 120 gold pieces
 19694 | Orc:2    | Lost mutation: You are strong-willed. (Will+) [potion of
                  | mutation]
 19694 | Orc:2    | Lost mutation: Scrolls take you a little longer to read.
                  | [potion of mutation]
 19694 | Orc:2    | Gained mutation: Potions are less effective at restoring
                  | your health. [potion of mutation]
 19694 | Orc:2    | Gained mutation: You are occasionally teleported next to
                  | monsters. [potion of mutation]
 19694 | Orc:2    | Gained mutation: You expend magic power (3 MP) to
                  | strengthen your wands. [potion of mutation]
 19696 | Orc:2    | Bought a potion of mutation for 104 gold pieces
 19696 | Orc:2    | Lost mutation: You passively map a small area around you.
                  | [potion of mutation]
 19696 | Orc:2    | Lost mutation: Potions are less effective at restoring your
                  | health. [potion of mutation]
 19696 | Orc:2    | Lost mutation: You are occasionally teleported next to
                  | monsters. [potion of mutation]
 19696 | Orc:2    | Gained mutation: You passively map a small area around you.
                  | [potion of mutation]
 19696 | Orc:2    | Gained mutation: You are resistant to electric shocks.
                  | (rElec) [potion of mutation]
 19711 | Orc:2    | Bought a potion of heal wounds for 65 gold pieces
 19711 | Orc:2    | Bought a potion of heal wounds for 65 gold pieces
 19711 | Orc:2    | Bought a potion of haste for 130 gold pieces
 19711 | Orc:2    | Bought a potion of heal wounds for 65 gold pieces
 20834 | D:11     | Found a shadowy altar of Dithmenos.
 20877 | D:11     | Got the cursed war axe "Moto" {venom, rN+}
 20894 | D:11     | Identified the cursed +1 war axe "Moto" {venom, rN+} (You
                  | found it on level 11 of the Dungeon)
 21091 | D:11     | Learned a level 5 spell: Bolt of Magma
 21432 | D:11     | Reached *** piety under Ashenzari
 21669 | D:12     | Found a flagged portal.
 21930 | D:12     | Reached XP level 13. HP: 97/98 MP: 26/26
 22271 | D:12     | Found an opulent altar of Gozag.
 22278 | D:12     | Noticed an ogre mage
 22286 | D:12     | Killed an ogre mage
 22287 | D:12     | Reached skill level 8 in Polearms
 22488 | D:12     | Noticed Josephine
 22504 | D:12     | Killed Josephine
 24417 | Lair:1   | Entered Level 1 of the Lair of Beasts
 24741 | Lair:1   | Noticed Fannar
 24747 | Lair:1   | Killed Fannar
 24909 | Lair:1   | Noticed Nergalle
 24935 | Lair:1   | Killed Nergalle
 25337 | Lair:1   | Learned a level 6 spell: Statue Form
 25738 | Lair:2   | Found a transporter.
 25813 | Lair:2   | Reached **** piety under Ashenzari
 25882 | Lair:2   | Reached skill level 10 in Spellcasting
 26315 | Lair:2   | Found a staircase to the Shoals.
 26637 | Lair:2   | Found a transporter.
 26778 | Lair:3   | Noticed Gastronok
 26788 | Lair:3   | Killed Gastronok
 26789 | Lair:3   | Reached skill level 10 in Dodging
 26789 | Lair:3   | Reached XP level 14. HP: 106/106 MP: 10/28
 26898 | Lair:3   | Reached skill level 9 in Polearms
 27066 | Lair:3   | Identified the +9 mace of Jeomonaw {venom, Str+4}
 27365 | Lair:3   | Reached skill level 10 in Stealth
 27446 | Lair:3   | Found a hole to the Spider Nest.
 27884 | Lair:3   | Reached skill level 10 in Invocations
 27896 | Lair:3   | Acquired a book of Conjurations
 27902 | Lair:3   | Learned a level 3 spell: Dazzling Flash
 28321 | Lair:4   | Reached ***** piety under Ashenzari
 28693 | Lair:4   | Found a basalt altar of Yredelemnul.
 28952 | Lair:5   | Noticed Snorg
 28975 | Lair:5   | Killed Snorg
 29534 | Lair:5   | Found a runed translucent door.
 29535 | Lair:5   | Found a viscous altar of Jiyva.
 29535 | Lair:5   | Noticed an azure jelly
 29537 | Lair:5   | Noticed an azure jelly
 29537 | Lair:5   | Noticed an azure jelly
 29538 | Lair:5   | Found a staircase to the Slime Pits.
 29723 | Lair:5   | Noticed Sonja
 29741 | Lair:5   | Killed Sonja
 30236 | Lair:5   | Found the +8 whip "Snakebite" {curare, rPois}
 30524 | Lair:5   | Noticed an azure jelly
 30785 | Lair:6   | Entered Level 6 of the Lair of Beasts
 30810 | Lair:6   | Reached XP level 15. HP: 115/115 MP: 17/29
 31093 | Lair:6   | Reached skill level 10 in Polearms
 31093 | Lair:6   | Reached skill level 10 in Poison Magic
 31504 | Lair:6   | Learned a level 5 spell: Lightning Bolt
 31586 | Lair:6   | Reached skill level 10 in Fighting
 31586 | Lair:6   | Reached skill level 10 in Short Blades
 31586 | Lair:6   | Reached skill level 10 in Long Blades
 31586 | Lair:6   | Reached skill level 10 in Axes
 31586 | Lair:6   | Reached skill level 10 in Maces & Flails
 31586 | Lair:6   | Reached skill level 10 in Staves
 31586 | Lair:6   | Reached skill level 10 in Slings
 31586 | Lair:6   | Reached skill level 10 in Bows
 31586 | Lair:6   | Reached skill level 10 in Crossbows
 31586 | Lair:6   | Reached skill level 10 in Throwing
 31586 | Lair:6   | Reached skill level 10 in Armour
 31586 | Lair:6   | Reached skill level 10 in Shields
 31586 | Lair:6   | Reached skill level 10 in Unarmed Combat
 31586 | Lair:6   | Reached skill level 10 in Evocations
 32303 | Lair:6   | Identified the +7 long sword "Omelette" {elec, *Rage Dex+8}
 32336 | Lair:6   | Learned a level 5 spell: Lee's Rapid Deconstruction
 32445 | Lair:6   | Got the uncursed robe "Wuevoipe" {Dex+5 SInv}
 32458 | Lair:6   | Identified the amulet of Knowledge {Faith rElec rPois
                  | Slay-3}
 33996 | D:13     | Found a gate to the Vaults.
 34933 | D:14     | Reached skill level 11 in Polearms
 35067 | D:14     | Found a glowing silver altar of Zin.
 35078 | D:14     | Reached XP level 16. HP: 123/123 MP: 16/31
 35417 | D:14     | Reached ****** piety under Ashenzari
 36364 | D:15     | Entered Level 15 of the Dungeon
 36366 | D:15     | Noticed Agnes
 36376 | D:14     | Killed Agnes
 37141 | D:15     | Noticed Jorgrun
 37148 | D:15     | Killed Jorgrun
 37323 | D:15     | Found a staircase to the Depths.
 37381 | D:15     | Reached skill level 12 in Polearms
 37403 | D:15     | Got the cursed buckler "Rufar" {rF+ rC+ MP+9 Dex-5}
 37417 | D:15     | Identified the cursed +0 buckler "Rufar" {rF+ rC+ MP+9
                  | Dex-5} (You found it on level 15 of the Dungeon)
 37754 | D:15     | Found a shadowy altar of Dithmenos.
 37932 | Elf:1    | Entered Level 1 of the Elven Halls
 38172 | Elf:1    | Identified the Grimoire of Toxins
 38780 | Elf:1    | Noticed Azrael
 38785 | Elf:1    | Reached XP level 17. HP: 127/131 MP: 30/33
 38792 | Elf:1    | Killed Azrael
 39428 | Elf:1    | Identified the Handbook of the Arsonist
 39581 | Elf:1    | Reached skill level 10 in Transmutations
 39745 | Elf:1    | Identified the Catalogue of Shape Shifting
 39919 | Elf:1    | Learned a level 5 spell: Fireball
 40194 | Elf:1    | Identified the Guide on Feathers
 40449 | Elf:1    | Identified the Incunabulum of the Traveller
 40457 | Elf:1    | Learned a level 4 spell: Summon Lightning Spire
 40583 | Elf:1    | Reached skill level 13 in Polearms
 41221 | Elf:2    | Learned a level 1 spell: Sandblast
 41289 | Elf:2    | Learned a level 3 spell: Stone Arrow
 41553 | Elf:2    | Reached skill level 10 in Conjurations
 41553 | Elf:2    | Reached skill level 10 in Hexes
 41553 | Elf:2    | Reached skill level 10 in Summonings
 41553 | Elf:2    | Reached skill level 10 in Necromancy
 41553 | Elf:2    | Reached skill level 10 in Translocations
 41553 | Elf:2    | Reached skill level 10 in Fire Magic
 41553 | Elf:2    | Reached skill level 10 in Ice Magic
 41553 | Elf:2    | Reached skill level 10 in Air Magic
 41553 | Elf:2    | Reached skill level 10 in Earth Magic
 42083 | Elf:2    | Found a huge runed translucent gate.
 42083 | Elf:2    | Found a huge runed translucent gate.
 42088 | Elf:2    | Found a huge runed translucent gate.
 42089 | Elf:2    | Found a huge runed translucent gate.
 42089 | Elf:2    | Found a huge runed translucent gate.
 43452 | Elf:2    | Reached XP level 18. HP: 101/135 MP: 17/34
 44420 | Shoals:1 | Entered Level 1 of the Shoals
 46346 | Shoals:2 | Reached skill level 14 in Polearms
 47214 | Shoals:2 | Identified the ring of Due Proportion {rPois Str+6}
 48722 | Shoals:3 | Identified the +4 halberd of the Vaults {pain, rElec Str+3
                  | Int+3}
 48760 | Shoals:3 | Found Pylire's Antique Armour Emporium.
 49191 | Shoals:4 | Entered Level 4 of the Shoals
 49705 | Shoals:3 | Reached XP level 19. HP: 38/147 MP: 20/36
 51216 | Shoals:4 | Noticed Aizul
 51242 | Shoals:4 | Killed Aizul
 51449 | Shoals:4 | Reached skill level 15 in Polearms
 51464 | Shoals:4 | Got a barnacled rune of Zot
 52662 | Lair:2   | Identified the Grimoire of Toxic Flames
 52692 | Lair:2   | Identified the +0 robe "Wuevoipe" {Dex+5 SInv} (You found
                  | it on level 6 of the Lair of Beasts)
 52947 | Spider:1 | Entered Level 1 of the Spider Nest
 55024 | Spider:2 | Reached XP level 20. HP: 146/156 MP: 26/37
 55655 | Spider:2 | Identified the +5 dagger "Lyofap" {vorpal, rElec rPois}
 56405 | Spider:3 | Identified the cursed +1 scale mail of Nimal {rElec rCorr
                  | Dex+3}
 56587 | Spider:4 | Entered Level 4 of the Spider Nest
 57700 | Spider:4 | Reached skill level 16 in Polearms
 59316 | Spider:4 | Got a gossamer rune of Zot
 59992 | Vaults:1 | Entered Level 1 of the Vaults
 61286 | Vaults:1 | Paralysed by a great orb of eyes for 5 turns
 61750 | Vaults:1 | Reached XP level 21. HP: 155/164 MP: 29/39
 62504 | Vaults:2 | Found a staircase to the Crypt.
 62504 | Vaults:2 | Found an ancient bone altar of Kikubaaqudgha.
 62505 | Vaults:2 | Found a basalt altar of Yredelemnul.
 62531 | Vaults:2 | Noticed Sojobo
 62555 | Vaults:2 | Reached skill level 15 in Invocations
 62655 | Vaults:2 | Killed Sojobo
 64036 | Vaults:3 | Reached skill level 17 in Polearms
 64301 | Vaults:3 | Identified the cursed +0 war axe of the Warrior {flame,
                  | +Blink Dex-3 Stlth+}
 64860 | Vaults:3 | Found Xergh's Book Emporium.
 64938 | Vaults:3 | Found Daesas's Jewellery Emporium.
 64956 | Vaults:3 | Found Suqiwn's Gadget Emporium.
 65416 | Vaults:3 | Found Rempa's General Store.
 65421 | Vaults:3 | Bought a scroll of remove curse for 51 gold pieces
 65490 | Vaults:3 | Found Liozoseo's Gadget Shop.
 65913 | Vaults:4 | Noticed Donald
 65918 | Vaults:4 | Killed Donald
 66192 | Vaults:4 | Noticed Xtahua
 66199 | Vaults:4 | Paralysed by Xtahua for 4 turns
 66216 | Vaults:4 | Killed Xtahua
 66916 | Vaults:4 | Reached skill level 15 in Spellcasting
 66995 | Vaults:4 | Reached XP level 22. HP: 42/171 MP: 38/41
 67588 | Vaults:4 | Reached skill level 15 in Dodging
 67776 | Vaults:5 | Entered Level 5 of the Vaults
 67776 | Vaults:5 | Identified the +9 flail "Kyemot" {venom, Dex+5}
 67781 | Vaults:5 | Reached skill level 15 in Stealth
 68083 | Vaults:4 | Learned a level 6 spell: Ozocubu's Refrigeration
 68138 | Vaults:4 | HP: 2/224 [lorocyproca[a lich] (21)]
 68139 | Vaults:4 | Demolished by a lorocyproca

Illustrated notes

Levels and vault maps discovered:
D:1:      dpeg_arrival_shrine, layout_loops_ring
D:2:      layout_basic, nicolae_overflow_crystal_walls, uniq_natasha
D:3:      layout_basic, dancing_weapons_uskayaw,
          chequers_ecumenical_altar_grove, doesnt_xom_only_xom
D:4:      layout_loops_corners, nicolae_tso_carved_into_rock,
          grunt_decor_junction, amcnicky_mini_rare_corridor_liquid
D:5:      layout_basic, ebering_ghost_disaster_area, cheibrodos_ashenzari_chains
D:6:      layout_rooms, minmay_temple_entry_overgrown
D:7:      layout_loops_cross, nicolae_overflow_hidden_temple,
          old_standard_altar, kb_rosetta, uniq_joseph
D:8:      layout_cave_pools, bloody_trog, kennysheep_mini, grunt_ministairs_2,
          uniq_maurice
D:9:      layout_stronghold, lemuel_crystal_altar, lair_entry_dummy
D:10:     minmay_tri_box, layout_loops_cross, david_orc_1_choice, uniq_urug
D:11:     layout_gridville, basic_altar, chequers_serial_rivers_room_b,
          minivault_16, lightli_minifort
D:12:     layout_stronghold, enter_bailey_1, serial_column_ruins,
          column_ruins_pillar_1, column_ruins_pillar_3, column_ruins_pillar_4,
          column_ruins_pillar_2, column_ruins_pillar_4, column_ruins_pillar_2,
          column_ruins_pillar_2, column_ruins_pillar_7, column_ruins_pillar_1,
          column_ruins_pillar_5, column_ruins_pillar_1, column_ruins_pillar_1,
          column_ruins_pillar_6, column_ruins_pillar_9, minmay_ruined_shrine,
          uniq_josephine
D:13:     layout_loops_cross, david_vaults_2
D:14:     layout_basic, basic_altar
D:15:     hangedman_depths_entry_civil_slaughter, layout_rooms,
          grunt_dithmenos_shadows, elves_outpost_lemuel, uniq_jorgrun,
          uniq_agnes
Lair:1:   beast_lair_carwin_large_1, layout_loops_ring, uniq_fannar,
          uniq_nergalle
Lair:2:   gammafunk_cloud_chamber, layout_misc_corridors,
          minmay_shoals_entry_hut, st_stairs_8, bobbens_dragon_lair_wall
Lair:3:   layout_gridlike, spider_nest_entry_web_field, zaba_anthole,
          minmay_lindwurm_lava, uniq_gastronok
Lair:4:   layout_regular_city, lemuel_oklob_altar
Lair:5:   minmay_guarded_unrand_snakebite, layout_cellular_growth,
          slime_altar_2, uniq_snorg, uniq_sonja
Lair:6:   due_jungle_book, layout_regular_city, serial_bayou_shore_b,
          grunt_megastairs_4
Shoals:1: layout_shoals, ldierk_geyser, hangedman_shoal_volcano
Shoals:2: layout_shoals
Shoals:3: layout_shoals, serial_shops, nicolae_shop_window_shopping
Shoals:4: shoals_end_hangedman, layout_shoals, uniq_aizul
Spider:1: lemuel_spider_zombies, drop_trap
Spider:2: layout_spider_delve
Spider:3: layout_spider_delve
Spider:4: grunt_spider_rune_circles
Orc:1:    layout_caves, serial_shops, shop, nicolae_shop_stone,
          nicolae_shop_overgrown_old_shop, nicolae_shop_statue_plus, shop
Orc:2:    st_orc_rangers, layout_caves, serial_shops, shop
Elf:1:    layout_gridlike, serial_hangedman_research,
          hangedman_research_toxicology, hangedman_research_electronics,
          hangedman_research_quantum, hangedman_research_metamorphosis,
          hangedman_research_pyrotechnics, minmay_elf_crystal_hexagon,
          uniq_azrael
Elf:2:    layout_geoelf_octagon
Vaults:1: st_lattice, v_alt_pattern_3, nicolae_vaults_what_the_h,
          v_alt_pattern_2, hangedman_vaults_stagger, vaults_dpeg_encased_lava,
          nicolae_vaults_network_periphery, hangedman_vaults_pinch,
          nicolae_vaults_specimen_jars, ontoclasm_vaults_twist,
          layout_vaults_chaotic_city
Vaults:2: nicolae_vaults_back_hallway, minmay_crypt_entry_necro_gods,
          ontoclasm_vaults_ring_large, vaults_dpeg_cross,
          hangedman_vaults_river_flow, nicolae_vaults_twisting_passages,
          v_misc_13, vaults_mumra_chevron_long, dpeg_vaults_monster_row,
          ontoclasm_vaults_eye, v_misc_25, nicolae_vaults_circle_grid_b,
          vaults_dpeg_hooks, hangedman_vaults_capsules,
          vaults_room_stairs_pillars, layout_vaults_ring, uniq_sojobo
Vaults:3: v_pattern_1, ontoclasm_vaults_gallery, v_misc_2,
          layout_vaults_omnigrid, serial_shops, shop, nicolae_shop_stone, shop,
          nicolae_shop_behind_doors, nicolae_shop_crystal
Vaults:4: v_rooms_1, v_alt_pattern_2, v_rooms_4,
          vaults_mumra_minichess_inversion, vaults_mumra_hexcomb,
          nicolae_vaults_three_branches, nicolae_vaults_little_squares_3,
          v_misc_17, v_misc_16, v_misc_14, vaults_room_hallway,
          ontoclasm_vaults_ring_small, layout_vaults_maze_snakey, uniq_xtahua,
          uniq_donald
Vaults:5: uniq_jory

Skill      XL: |  1  2  3  4  5  6  7  8  9 10 11 12 13 14 15 16 17 18 19 20 21 22 |
---------------+-------------------------------------------------------------------+-----
Transmutations | 2 3 4 5 6 7 8 9 10 11 12 | 12.8
Spellcasting   | 5 6 7 8 9 10 11 12 13 14 15 | 15.3
Invocations    | 1 2 3 4 5 6 7 8 9 10 11 12 13 14 15 | 15.8
Fighting       | 1 2 3 4 5 6 7 8 9 10 11 12 13 14 | 14.6
Short Blades   | 1 2 3 4 5 6 7 8 9 10 11 12 13 14 | 14.6
Long Blades    | 1 2 3 4 5 6 7 8 9 10 11 12 13 14 | 14.6
Axes           | 1 2 3 4 5 6 7 8 9 10 11 12 13 14 | 14.6
Maces & Flails | 1 2 3 4 5 6 7 8 9 10 11 12 13 14 | 14.6
Polearms       | 1 2 3 4 5 6 7 8 9 11 12 13 14 15 16 17 | 17.9
Staves         | 1 2 3 4 5 6 7 8 9 10 11 12 13 14 | 14.6
Slings         | 1 2 3 4 5 6 7 8 9 10 11 12 13 14 | 14.6
Bows           | 1 2 3 4 5 6 7 8 9 10 11 12 13 14 | 14.6
Crossbows      | 1 2 3 4 5 6 7 8 9 10 11 12 13 14 | 14.6
Throwing       | 1 2 3 4 5 6 7 8 9 10 11 12 13 14 | 14.6
Armour         | 1 2 3 4 5 6 7 8 9 10 11 12 13 14 | 14.6
Shields        | 1 2 3 4 5 6 7 8 9 10 11 12 13 14 | 14.6
Unarmed Combat | 1 2 3 4 5 6 7 8 9 10 11 12 13 14 | 14.6
Evocations     | 1 2 3 4 5 6 7 8 9 10 11 12 13 14 | 14.6
Conjurations   | 1 2 3 4 5 6 7 8 9 10 11 12 | 12.6
Hexes          | 1 2 3 4 5 6 7 8 9 10 11 12 | 12.6
Summonings     | 1 2 3 4 5 6 7 8 9 10 11 12 | 12.6
Necromancy     | 1 2 3 4 5 6 7 8 9 10 11 12 | 12.6
Translocations | 1 2 3 4 5 6 7 8 9 10 11 12 | 12.6
Fire Magic     | 1 2 3 4 5 6 7 8 9 10 11 12 | 12.6
Ice Magic      | 1 2 3 4 5 6 7 8 9 10 11 12 | 12.6
Air Magic      | 1 2 3 4 5 6 7 8 9 10 11 12 | 12.6
Earth Magic    | 1 2 3 4 5 6 7 8 9 10 11 12 | 12.6
Dodging        | 5 6 7 8 9 10 11 12 13 14 15 | 15.2
Stealth        | 5 6 7 8 9 10 11 12 13 14 15 | 15.1
Poison Magic   | 6 7 8 9 10 11 12 13 | 13.5

Action                   |  1- 3 |  4- 6 |  7- 9 | 10-12 | 13-15 | 16-18 | 19-21 | 22-24 || total
-------------------------+-------+-------+-------+-------+-------+-------+-------+-------++-------
Melee: Unarmed           |     2 |       |       |       |       |       |       |       ||     2
       Short sword       |    37 |   103 |       |       |       |       |       |       ||   140
       Bite              |     3 |     9 |    28 |    61 |   125 |   106 |   186 |    18 ||   536
       Mace              |       |     4 |   242 |   474 |       |       |       |       ||   720
       War axe           |       |       |       |   126 |  1199 |  1454 |  2138 |   155 ||  5072
 Cast: Sting             |    39 |    64 |    78 |   142 |   154 |    76 |       |       ||   553
       Olgreb's Toxic Ra |       |     4 |    26 |    96 |   116 |   151 |   174 |    17 ||   584
       Ignite Poison     |       |       |    12 |    36 |    51 |    84 |   137 |    10 ||   330
       Mephitic Cloud    |       |       |     2 |     5 |     2 |     2 |     1 |       ||    12
       Bolt of Magma     |       |       |       |       |    29 |    48 |    11 |       ||    88
       Statue Form       |       |       |       |       |     3 |     5 |       |     1 ||     9
       Lightning Bolt    |       |       |       |       |     2 |     7 |    14 |       ||    23
       Dazzling Flash    |       |       |       |       |     1 |     2 |       |       ||     3
       Stone Arrow       |       |       |       |       |       |   168 |     2 |       ||   170
       Lee's Rapid Decon |       |       |       |       |       |    10 |       |       ||    10
       Sandblast         |       |       |       |       |       |     9 |       |       ||     9
       Summon Lightning  |       |       |       |       |       |    11 |    11 |     2 ||    24
       Fireball          |       |       |       |       |       |    10 |     7 |       ||    17
       Ozocubu's Refrige |       |       |       |       |       |       |       |     2 ||     2
Invok: Curse Item        |       |       |     2 |       |     2 |       |     4 |       ||     8
       Scrying           |       |       |       |       |     1 |       |       |       ||     1
Evoke: Wand              |       |       |       |       |       |       |     1 |       ||     1
  Use: Scroll            |       |     3 |     4 |    16 |    10 |     5 |     5 |       ||    43
       Potion            |       |       |       |     9 |     3 |    20 |    14 |     1 ||    47
 Stab: Sleeping          |       |     2 |       |     1 |     2 |     2 |    28 |     2 ||    37
       Distracted        |       |       |       |       |     2 |     5 |     9 |     1 ||    17
       Confused          |       |       |       |       |       |     2 |       |       ||     2
Armor: Robe              |     3 |    11 |    34 |       |       |       |       |       ||    48
       Leather armour    |       |       |     8 |    30 |       |       |       |       ||    38
       Ring mail         |       |       |       |   133 |   268 |   412 |   720 |    55 ||  1588
       Skin              |       |       |       |       |     2 |    56 |     1 |    27 ||    86
Dodge: Dodged            |    19 |    76 |   220 |   690 |   857 |  1358 |  2298 |   205 ||  5723
       Repelled          |       |       |     1 |     7 |     8 |    17 |    12 |     5 ||    50
Block: Buckler           |     7 |    12 |    50 |   231 |   543 |   600 |   986 |    80 ||  2509
       Reflection        |       |       |       |       |     2 |       |       |       ||     2
